 Dungeon Crawl Stone Soup version 0.32-a0-834-geaf45d8e21 (webtiles) character file.

Game seed: 16556338018849038394

10696 shadizar the Thaumaturge (level 11, 0/78 HPs)
             Began as a Djinni Conjurer on Mar 25, 2024.
             Was a Believer of Makhleb.
             Slain by a boulder beetle (10 damage)
             ... on level 10 of the Dungeon.
             The game lasted 00:16:58 (12272 turns).

shadizar the Thaumaturge (Djinni Conjurer)         Turns: 12272, Time: 00:16:58

Health: 0/78       AC: 18    Str:  6    XL:     11   Next: 97%
Gold:   1001       EV: 16    Int: 24    God:    Makhleb [**....] SH:  5 Dex: 12

rFire   + + +        m - staff of fire
rCold   x . .        k - +0 buckler
rNeg    . . .        L - +0 acid dragon scales
rPois   ∞            c - +2 helmet
rElec   .            v - +0 cloak
rCorr   +            p - +1 pair of gloves
SInv    .            (boots unavailable)
Will    +....        K - amulet of the acrobat
Stlth   +++          F - +5 ring of evasion
HPRegen 0.33/turn    D - +4 ring of protection
MPRegen 0.00/turn

%: acrobat, infuse magic (-1 HP)
@: flying
A: sickness immunity, fire resistance 2, cold vulnerability 1, float, innate
caster, HP casting, extra vitality 1
a: Renounce Religion, Minor Destruction


You were on level 10 of the Dungeon.
You worshipped Makhleb.
Makhleb was pleased with you.
You visited 2 branches of the dungeon, and saw 12 of its levels.
You also visited: Sewer and Ossuary.

You collected 1001 gold pieces.

Inventory:

Armour
 a - a +0 robe
 c - a +2 helmet (worn)
 k - a +0 buckler (worn)
 p - a +1 pair of gloves (worn)
 v - a +0 cloak (worn)
 y - a +0 troll leather armour
 L - +0 acid dragon scales (worn)
Magical Staves
 m - a staff of fire (weapon)
Jewellery
 h - a +6 ring of strength
 D - a +4 ring of protection (right hand)
 F - a +5 ring of evasion (left hand)
 G - a ring of see invisible
 H - a +4 ring of protection
 J - a ring of fire
 K - an amulet of the acrobat (around neck)
 M - a ring of protection from cold
Wands
 i - a wand of polymorph (7)
 n - a wand of warping (5)
 o - a wand of paralysis (31)
 u - a wand of mindburst (10)
 C - a wand of flame (60)
Scrolls
 d - a scroll of butterflies
 e - a scroll of enchant weapon
 g - 3 scrolls of noise
 l - 5 scrolls of immolation
 s - 3 scrolls of enchant armour
 t - 8 scrolls of teleportation
 B - a scroll of vulnerability
Potions
 b - 8 potions of curing
 f - 2 potions of invisibility
 j - 3 potions of might
 q - 2 potions of attraction
 r - 9 potions of enlightenment
 w - 3 potions of resistance
 x - 3 potions of magic
 z - 3 potions of mutation
 A - 4 potions of heal wounds
 I - a potion of lignification


   Skills:
 + Level 6.8 Fighting
 + Level 5.0 Armour
 + Level 7.9 Dodging
 - Level 6.0 Stealth
 - Level 5.0 Shields
 - Level 10.0 Spellcasting
 - Level 10.0 Conjurations
 - Level 10.0 Hexes
 - Level 10.0 Summonings
 - Level 10.0 Necromancy
 - Level 10.0 Translocations
 - Level 10.0 Fire Magic
 - Level 10.0 Ice Magic
 - Level 10.0 Air Magic
 - Level 10.0 Earth Magic
 - Level 10.0 Alchemy


You knew the following spells:

 Your Spells              Type           Power      Damage    Failure   Level
a - Magic Dart            Conj           100%       1d8       1%          1
b - Searing Ray           Conj           100%       2d8       1%          2
c - Fulminant Prism       Conj/Alch      28%        3d13      2%          4
d - Iskenderun's Mystic   Conj/Tloc      57%        2d12      2%          4
e - Freeze                Ice            100%       1d10      1%          1
f - Jinxbite              Hex            100%       N/A       1%          2
g - Scorch                Fire           100%       2d9       1%          2
h - Flame Wave            Conj/Fire      74%        2d16      2%          4
i - Yara's Violent Unrav  Hex/Alch       28%        3d12      7%          5
Your spell library was empty.

Dungeon Overview and Level Annotations

Branches:
Dungeon (11/15)            Temple (1/1) D:7             Orc (0/2) D:9
  Sewer (visited)         Ossuary (visited)
   Lair: D:8-11

Altars:
Ashenzari
Cheibriados
Dithmenos
Elyvilon
Fedhas
Gozag
Hepliaklqana
Makhleb
Nemelex Xobeh
Okawaru
Qazlal
Ru
Trog
Uskayaw
Wu Jian
Xom
Yredelemnul
Zin
The Shining One

Shops:
D:2 !   D:3 (?[(   D:8 *   D:10 =

Annotations:
D:6 2 transporters
D:8 1 runed translucent door, shadizar's ghost, novice DjAl


Innate Abilities, Weirdness & Mutations

You are immune to sickness and miasma.
You are immune to poison.
Your flesh is very heat resistant. (rF++)
You are vulnerable to cold. (rC-)
You float through the air rather than walking.
You learn spells naturally, not from books.
Your magical power is your life essence.
You have superior vitality. (+4 MHP)


Message History

Unknown command.
Casting: Iskenderun's Mystic Blast (dangerous; 2% risk of failure)
Confirm with . or Enter, or press ? or * to list all spells.
You erupt in a blast of force!
The mystic blast hits the boulder beetle.
The boulder beetle is moderately wounded.
* * * LOW HITPOINT WARNING * * *
Unknown command.
Unknown command.
Unknown command.
Unknown command.
Casting: Iskenderun's Mystic Blast (dangerous; 2% risk of failure)
Confirm with . or Enter, or press ? or * to list all spells.
You erupt in a blast of force!
The mystic blast hits the boulder beetle but does no damage.
The boulder beetle is moderately wounded.
* * * LOW HITPOINT WARNING * * *
The boulder beetle closely misses you.
The boulder beetle stops rolling and uncurls.
Unknown command.
Unknown command.
Unknown command.
Casting: Iskenderun's Mystic Blast (dangerous; 2% risk of failure)
Confirm with . or Enter, or press ? or * to list all spells.
You erupt in a blast of force!
The mystic blast hits the boulder beetle but does no damage.
The boulder beetle is moderately wounded.
* * * LOW HITPOINT WARNING * * *
You block the boulder beetle's attack.
Unknown command.
Unknown command.
Unknown command.
Casting: Iskenderun's Mystic Blast (dangerous; 2% risk of failure)
Confirm with . or Enter, or press ? or * to list all spells.
You erupt in a blast of force!
The mystic blast hits the boulder beetle but does no damage.
The boulder beetle is moderately wounded.
* * * LOW HITPOINT WARNING * * *
The boulder beetle bites you!
You die...

#......#..#.#..#.......#'###
#####..#..#.#..#.#.#.......#
..........#.#..#...........#
########.##.#..............#
#.##.#.......########
#..#.#.......# ##...........#
###.#.......#
###########.#.>B@...#
..[.........#.#...############
#####......##.#####PPP.PPPPPP#
.# #......÷..# #..........# .#
#......##.#####.†........# .#
#.))...##....##..PP.PPPP.# .#
#)))...#####..'†......[..#
[####.)....# ##.'.†........#
....'.))...# ###..PPP..P..#


You could see a boulder beetle.

Vanquished Creatures
  A two-headed ogre (D:10)
  Lodul (D:10)
  Maurice (D:7)
  Joseph (D:7)
  Maggie (D:7)
  4 trolls
  A queen bee (D:10)
  A hornet (D:10)
  Prince Ribbit (D:5)
  14 yaks
  A wyvern (D:9)
  A wraith (D:10)
  A steam dragon (D:8)
  A water moccasin (D:8)
  5 orc warriors
  An ice beast (D:8)
  13 ogres
  2 centaurs
  5 phantoms
  A kobold brigand (D:10)
  A brain worm (Sewer)
  2 gnoll sergeants
  3 bullfrogs
  2 wyvern skeletons (D:6)
  4 wights
  A water moccasin zombie (D:6)
  8 killer bees (D:10)
  2 howler monkeys
  2 bullfrog zombies (D:6)
  2 centaur zombies (D:6)
  2 orc priests
  3 centaur skeletons
  3 hounds
  2 spectral scorpions (Ossuary)
  A bullfrog skeleton (D:6)
  A sleepcap (D:7)
  2 iguanas
  5 orc wizards
  A crocodile zombie (Ossuary)
  9 mummies (Ossuary)
  A howler monkey zombie (D:6)
  11 gnolls
  2 howler monkey skeletons (D:6)
  6 adders
  2 river rats
  4 shadow imps
  3 white imps
  2 ufetubi (D:6)
  3 ribbon worms
  5 dart slugs
  35 orcs
  10 ball pythons
  9 bats
  An endoplasm (D:2)
  11 giant cockroaches
  5 hobgoblins
  8 jackals
  7 quokkas
  5 frilled lizards
  3 gnoll skeletons (Ossuary)
  6 goblins
  11 kobolds
  A kobold skeleton (Ossuary)
  2 orc skeletons (Ossuary)
  5 rats
  10 spectral rats (Ossuary)
281 creatures vanquished.

Vanquished Creatures (others)
  A rat (D:3)
  18 fulminant prisms
19 creatures vanquished.

Grand Total: 300 creatures vanquished

Notes
Turn   | Place    | Note
-------+----------+-------------------------------------------
     0 | D:1      | shadizar the Djinni Conjurer began the quest for the Orb.
     0 | D:1      | shadizar set off with the following spells memorised: Magic
                  | Dart, Searing Ray, Fulminant Prism, Iskenderun's Mystic
                  | Blast.
     0 | D:1      | Reached XP level 1. HP: 15/15 MP: 0/0
   273 | D:1      | Reached XP level 2. HP: 9/21 MP: 0/0
   372 | D:1      | Found a faded altar of an unknown god.
   928 | D:2      | Reached XP level 3. HP: 23/25 MP: 0/0
   928 | D:2      | Learned a level 1 spell: Freeze
  1286 | D:2      | Found Jodifrad's Distillery.
  1735 | D:1      | Reached XP level 4. HP: 8/31 MP: 0/0
  1873 | D:3      | Found Uditz's Weapon Emporium.
  2064 | D:3      | Found a snail-covered altar of Cheibriados.
  2085 | D:3      | Found Kaqacy's Antique Weapon Emporium.
  2136 | D:3      | Reached skill level 5 in Spellcasting
  2136 | D:3      | Reached skill level 5 in Conjurations
  2136 | D:3      | Reached skill level 5 in Hexes
  2136 | D:3      | Reached skill level 5 in Summonings
  2136 | D:3      | Reached skill level 5 in Necromancy
  2136 | D:3      | Reached skill level 5 in Translocations
  2136 | D:3      | Reached skill level 5 in Fire Magic
  2136 | D:3      | Reached skill level 5 in Ice Magic
  2136 | D:3      | Reached skill level 5 in Air Magic
  2136 | D:3      | Reached skill level 5 in Earth Magic
  2136 | D:3      | Reached skill level 5 in Alchemy
  2136 | D:3      | Reached XP level 5. HP: 5/35 MP: 0/0
  2136 | D:3      | Learned a level 2 spell: Jinxbite
  2330 | D:3      | Found Wableam's Magic Scroll Shoppe.
  2339 | D:3      | Found Buihoi Pown's Antique Armour Boutique.
  2777 | D:4      | Found a sand-covered staircase.
  2782 | Ossuary  | Entered an ossuary
  2846 | Ossuary  | Reached XP level 6. HP: 4/40 MP: 0/0
  3422 | Ossuary  | Reached XP level 7. HP: 7/45 MP: 0/0
  3422 | Ossuary  | Learned a level 2 spell: Scorch
  4369 | D:5      | Entered Level 5 of the Dungeon
  4513 | D:5      | Found a glowing drain.
  4524 | Sewer    | Entered a sewer
  5178 | D:5      | Noticed Prince Ribbit
  5181 | D:5      | Killed Prince Ribbit
  5182 | D:5      | Reached XP level 8. HP: 40/50 MP: 0/0
  5615 | D:5      | Found a blossoming altar of Fedhas.
  5640 | D:5      | Found an iron altar of Okawaru.
  6063 | D:6      | Reached XP level 9. HP: 32/55 MP: 0/0
  6063 | D:6      | Learned a level 4 spell: Flame Wave
  6253 | D:6      | Found a transporter.
  6524 | D:6      | Found a transporter.
  6673 | D:6      | Reached skill level 10 in Spellcasting
  6673 | D:6      | Reached skill level 10 in Conjurations
  6673 | D:6      | Reached skill level 10 in Hexes
  6673 | D:6      | Reached skill level 10 in Summonings
  6673 | D:6      | Reached skill level 10 in Necromancy
  6673 | D:6      | Reached skill level 10 in Translocations
  6673 | D:6      | Reached skill level 10 in Fire Magic
  6673 | D:6      | Reached skill level 10 in Ice Magic
  6673 | D:6      | Reached skill level 10 in Air Magic
  6673 | D:6      | Reached skill level 10 in Earth Magic
  6673 | D:6      | Reached skill level 10 in Alchemy
  6928 | D:6      | Found a white marble altar of Elyvilon.
  6929 | D:6      | Found a hazy altar of Hepliaklqana.
  7083 | D:7      | Reached skill level 1 in Fighting
  7172 | D:7      | Noticed Maurice
  7179 | D:7      | Paralysed by something for 4 turns
  7191 | D:7      | Something stole a +4 ring of protection
  7221 | D:7      | Paralysed by something for 5 turns
  7223 | D:7      | Killed Maurice
  7223 | D:7      | HP: 2/57 [spore (10)]
  7287 | D:7      | Noticed Joseph
  7478 | D:7      | Killed Joseph
  7479 | D:7      | Reached XP level 10. HP: 46/67 MP: 0/0
  7619 | D:7      | Found a staircase to the Ecumenical Temple.
  7677 | Temple   | Entered the Ecumenical Temple
  7688 | Temple   | Became a worshipper of Makhleb the Destroyer
  7787 | D:7      | Noticed Maggie
  7806 | D:7      | Killed Maggie
  7807 | D:7      | Reached skill level 1 in Shields
  8286 | D:8      | Reached skill level 5 in Dodging
  8672 | D:8      | Noticed shadizar's ghost (novice DjAl)
  8673 | D:8      | Found a runed translucent door.
  8783 | D:8      | Found Ynanukos's General Store.
  9507 | D:9      | Reached skill level 1 in Armour
  9887 | D:9      | Reached * piety under Makhleb
 10206 | D:9      | Reached skill level 5 in Fighting
 10414 | D:9      | Reached skill level 5 in Stealth
 10414 | D:9      | Reached XP level 11. HP: 67/75 MP: 0/0
 10414 | D:9      | Learned a level 5 spell: Yara's Violent Unravelling
 10725 | D:9      | Found a staircase to the Orcish Mines.
 10751 | D:9      | Found a glowing golden altar of the Shining One.
 10778 | D:10     | Entered Level 10 of the Dungeon
 10813 | D:10     | Found Guephani's Jewellery Boutique.
 11178 | D:10     | Noticed Lodul
 11190 | D:10     | Killed Lodul
 11405 | D:10     | Reached ** piety under Makhleb
 11501 | D:10     | Reached skill level 5 in Shields
 11746 | D:10     | Noticed a two-headed ogre
 11756 | D:10     | Killed a two-headed ogre
 12003 | D:10     | Reached skill level 5 in Armour
 12229 | D:11     | Noticed a boulder beetle
 12272 | D:10     | Slain by a boulder beetle

Illustrated notes

Levels and vault maps discovered:
D:1:      minmay_arrival_cross, layout_basic, nicolae_ecumenical_lake_church
D:2:      layout_basic, serial_shops, nicolae_shop_trees
D:3:      layout_basic, mainiacjoe_overflow_surrounded_room, serial_shops, shop,
          shop, nicolae_shop_peninsula, nicolae_shop_stone, grunt_ministairs_12
D:4:      layout_basic, enter_ossuary_2, st_stairs_13
D:5:      layout_rooms, minmay_overflow_temple_star_quad, portal_sewer_entry_e,
          uniq_prince_ribbit1
D:6:      gammafunk_steamed_eel, layout_basic, nicolae_overflow_hidden_temple,
          serial_undead, serial_undead_a, serial_undead_a, serial_undead_e,
          serial_undead_a, serial_undead_a, serial_undead_f, serial_undead_e
D:7:      layout_loops_cross, temple_green, uniq_maggie, uniq_joseph,
          uniq_maurice
D:8:      layout_loops_corners, mainiacjoe_overflow_24_doors,
          hellmonk_ghost_happy_afterlife, serial_shops,
          nicolae_shop_real_fake_doors
D:9:      wad_crossroads, layout_loops_ring, overflow_temple_1_default,
          kennysheep_generic_room_11
D:10:     layout_basic, serial_shops, nicolae_shop_gaudy_bauble,
          nicolae_looking_at_the_future, uniq_lodul
D:11:     layout_rooms, lair_entry_dummy, minivault_11, uniq_harold
Temple:   nicolae_temple_figure_eight

Skill      XL: |  1  2  3  4  5  6  7  8  9 10 11 |
---------------+----------------------------------+-----
Spellcasting   | 4 5 6 7 9 10 | 10.0
Conjurations   | 4 5 6 7 9 10 | 10.0
Hexes          | 4 5 6 7 9 10 | 10.0
Summonings     | 4 5 6 7 9 10 | 10.0
Necromancy     | 4 5 6 7 9 10 | 10.0
Translocations | 4 5 6 7 9 10 | 10.0
Fire Magic     | 4 5 6 7 9 10 | 10.0
Ice Magic      | 4 5 6 7 9 10 | 10.0
Air Magic      | 4 5 6 7 9 10 | 10.0
Earth Magic    | 4 5 6 7 9 10 | 10.0
Alchemy        | 4 5 6 7 9 10 | 10.0
Fighting       | 3 5 6 |  6.8
Stealth        | 3 5 6 |  6.0
Dodging        | 4 6 7 |  7.9
Shields        | 3 5 |  5.0
Armour         | 2 5 |  5.0

Action                     |  1- 3 |  4- 6 |  7- 9 | 10-12 || total
---------------------------+-------+-------+-------+-------++-------
  Melee: Unarmed           |       |     8 |     2 |       ||    10
         Staff             |       |       |       |     2 ||     2
   Cast: Magic Dart        |    73 |   161 |   223 |     9 ||   466
         Iskenderun's Myst |       |     9 |    62 |   144 ||   215
         Fulminant Prism   |       |     4 |     5 |     9 ||    18
         Scorch            |       |       |       |     1 ||     1
    Use: Potion            |       |     1 |       |       ||     1
         Scroll            |       |       |       |    18 ||    18
 Armour: Robe              |    30 |    47 |    59 |     4 ||   140
         Acid dragon scale |       |       |       |    13 ||    13
  Dodge: Dodged            |    38 |    40 |    34 |    46 ||   158
  Block: Buckler           |       |       |       |    11 ||    11

Table legend: (Time is in decaauts)
 A = Elapsed time spent in this place.
 B = Non-inter-level travel time spent in this place.
 C = Inter-level travel time spent in this place.
 D = Time resting spent in this place.
 E = Time spent auto-exploring this place.
 F = Levels seen in this place.
 G = Mean time per level.
                   A        B        C        D        E       F      G
               +--------+--------+--------+--------+--------+-----+--------+
         Total |  12270 |  12021 |    249 |      0 |   9869 |  14 |  876.4 |
       Dungeon |  10553 |  10314 |    239 |      0 |   8534 |  11 |  959.4 |
        Temple |     21 |     11 |     10 |      0 |      0 |   1 |   21.0 |
         Sewer |    628 |    628 |      0 |      0 |    511 |   1 |  628.0 |
       Ossuary |   1066 |   1066 |      0 |      0 |    824 |   1 | 1066.0 |
               +--------+--------+--------+--------+--------+-----+--------+

Top non-repeatable levels by time:
    D:10: 1443 daAuts
     D:9: 1400 daAuts
     D:8: 1126 daAuts
     D:7: 1117 daAuts
     D:5: 1110 daAuts
 Ossuary: 1066 daAuts
     D:6: 1003 daAuts
     D:1: 985 daAuts
     D:2: 874 daAuts
     D:4: 835 daAuts
   Sewer: 628 daAuts
     D:3: 606 daAuts
    D:11: 50 daAuts
  Temple: 21 daAuts
